 Dungeon Crawl Stone Soup version 0.27-a0-1559-g299f9947c5 (webtiles) character file.

Game seed: 6626894475971230362

36 Conn the Firebug (level 3, -3/21 HPs)
             Began as an Octopode Fire Elementalist on July 16, 2021.
             Slain by an adder (5 damage)
             ... on level 2 of the Dungeon.
             The game lasted 00:02:10 (1284 turns).

Conn the Firebug (Octopode Fire Elementalist)       Turns: 1284, Time: 00:02:11

Health: -3/21      AC:  1    Str:  7    XL:     3   Next: 37%
Magic:  6/6        EV: 13    Int: 18    God:
Gold:   16         SH:  0    Dex: 12    Spells: 5/6 levels left

rFire    . . .     SeeInvis .   a - +0 dagger
rCold    . . .     Faith    .   (no shield)
rNeg     . . .     Spirit   .   (helmet restricted)
rPois    .         Reflect  .   (no amulet)
rElec    .         Harm     .   (no ring)
rCorr    .         Rampage  .   (no ring)
Will     .....                  (no ring)
Stlth    +++.......             (no ring)
HPRegen  0.07/turn              (no ring)
MPRegen  0.10/turn              (no ring)
                                (no ring)
                                (no ring)

@: no status effects
A: almost no armour, amphibious, 8 rings, camouflage 1, gelatinous body 1,
(nimble swimmer 1), tentacles
a: no special abilities


You were on level 2 of the Dungeon.
You visited 1 branch of the dungeon, and saw 3 of its levels.

You collected 16 gold pieces.

Inventory:

Hand Weapons
 a - a +0 dagger (weapon)


   Skills:
 + Level 2.6 Dodging
 + Level 2.8 Stealth
 + Level 2.4 Spellcasting
 + Level 1.1 Conjurations
 + Level 3.4 Fire Magic


You had 5 spell levels left.
You knew the following spells:

 Your Spells              Type           Power      Damage    Failure   Level
a - Foxfire               Conj/Fire      40%        2x1d6     7%          1

Your spell library contained the following spells:

 Spells                   Type           Power      Damage    Failure   Level
 Conjure Flame            Conj/Fire      10%        6-21      21%         3
 Inner Flame              Hex/Fire       8%         N/A       26%         3
 Sticky Flame             Conj/Fire      10%        2d3       56%         4
 Fireball                 Conj/Fire      5%         3d5       88%         5


Dungeon Overview and Level Annotations

Branches:
Dungeon (3/15)

Altars:

Annotations:
D:2 Terence


Innate Abilities, Weirdness & Mutations

You cannot wear most types of armour.
You are amphibious.
You can wear up to eight rings at the same time.
Your skin changes colour to match your surroundings (Stealth+).
Your rubbery body absorbs attacks. (AC +1, EV +1)
((You are camouflaged near water. (Stealth+)))
You have tentacles for arms and can constrict up to eight enemies at once.


Message History

You kill the hobgoblin!
The orc priest calls down the wrath of Beogh upon you.
Pain shoots through your body!
Ouch! That really hurt!
You aren't carrying any potions.
You aren't carrying any scrolls.
Unknown command.
An adder comes into view.
The adder hisses angrily.
An orc comes into view. It is wielding a +0 flail.
The orc shouts!
Found a stone staircase leading up.
The adder misses you.
An orc comes into view. It is wielding a +0 club.
The adder barely misses you.
There is a stone staircase leading up here.
The adder bites you.
You climb upwards.
Level annotation: Terence
There is a stone staircase leading down here.
You hit the adder but do no damage. You grab the adder.
You constrict the adder. The adder bites you.
* * * LOW HITPOINT WARNING * * *
The adder closely misses you.
You hit the adder but do no damage. You constrict the adder.
The kobold shouts!
You hear an angry hiss.
The kobold throws a stone.
The stone closely misses you.
A frilled lizard comes into view.
The adder barely misses you.
You hit the adder but do no damage. You squeeze the adder.
The adder is heavily wounded.
You constrict the adder.
A bat comes into view.
The adder bites you.
* * * LOW HITPOINT WARNING * * *
The bat moves out of view.
You hit the adder but do no damage.
The adder is heavily wounded.
You constrict the adder. The adder closely misses you. The adder bites you.
You die...

###########
#......@S.#
..##.#K##.#
#. .. .. ##
... ....
♣#b.. ###.


You could see an adder, a bat and a kobold.

Vanquished Creatures
  2 dart slugs
  2 bats (D:1)
  2 giant cockroaches
  4 goblins (D:1)
  2 hobgoblins
  4 jackals (D:1)
  3 quokkas (D:1)
  10 frilled lizards (D:1)
  A kobold (D:1)
  A rat (D:1)
31 creatures vanquished.

Vanquished Creatures (collateral kills)
  A foxfire (D:1)
1 creature vanquished.

Vanquished Creatures (others)
  74 foxfires
  6 plants (D:1)
  7 toadstools (D:2)
87 creatures vanquished.

Grand Total: 119 creatures vanquished

Notes
Turn   | Place    | Note
-------+----------+-------------------------------------------
     0 | D:1      | Conn the Octopode Fire Elementalist began the quest for the
                  | Orb.
     0 | D:1      | Reached XP level 1. HP: 11/11 MP: 3/3
   349 | D:1      | Reached XP level 2. HP: 17/17 MP: 0/5
   835 | D:1      | Reached XP level 3. HP: 17/21 MP: 2/6
  1167 | D:2      | Noticed Terence
  1284 | D:2      | Slain by an adder

Illustrated notes

Levels and vault maps discovered:
D:1:      lightli_arrival_chessboard, layout_basic, minmay_lizard_king
D:2:      cheibrodos_fertilizer, layout_loops_cross, amcnicky_mini_pool_small,
          minmay_tree_intersection, uniq_crazy_yiuf_cottage, uniq_sigmund,
          uniq_terence, uniq_natasha
D:3:      minmay_evil_eye, layout_basic, gammafunk_temple_overflow_claw,
          uniq_robin

Action                   || total
-------------------------++-------
Melee: Dagger            ||    19
       Constrict         ||     7
       Tentacles         ||     6
 Cast: Foxfire           ||    42
  Use: Scroll            ||     1
Armor: Skin              ||     6
Dodge: Dodged            ||    21

Table legend: (Time is in decaauts)
 A = Elapsed time spent in this place.
 B = Non-inter-level travel time spent in this place.
 C = Inter-level travel time spent in this place.
 D = Time resting spent in this place.
 E = Time spent auto-exploring this place.
 F = Levels seen in this place.
 G = Mean time per level.
                   A        B        C        D        E       F      G
               +--------+--------+--------+--------+--------+-----+--------+
         Total |   1283 |   1283 |      0 |      0 |   1016 |   3 |  427.7 |
       Dungeon |   1283 |   1283 |      0 |      0 |   1016 |   3 |  427.7 |
               +--------+--------+--------+--------+--------+-----+--------+

Top non-repeatable levels by time:
     D:1: 1104 daAuts
     D:3: 90 daAuts
     D:2: 88 daAuts
